 Dungeon Crawl Stone Soup version 0.15-a0-1485-g692b94f (webtiles) character file.

117 AvylaaBelgium the Firebug (level 4, 0/24 HPs)
             Began as a Deep Elf Fire Elementalist on June 14, 2014.
             Was an Initiate of Ashenzari.
             Slain by an orc wizard
             ... wielding a cursed +0,-1 dagger
              (2 damage)
             ... on Level 3 of the Dungeon.
             The game lasted 00:09:26 (1564 turns).

AvylaaBelgium the Firebug (DEFE)                    Turns: 1564, Time: 00:09:26

HP   0/24        AC  2     Str  5      XL: 4   Next: 71%
MP   4/15        EV 12     Int 21      God: Ashenzari [......]
Gold 128         SH  3     Dex 15      Spells:  1 memorised, 10 levels left

rFire  . . .     SeeInvis .     (no weapon)
rCold  . . .     Clarity  .     a - +0 robe
rNeg   . . .     rCorr    .     t - +0 buckler
rPois  .         rRot     .     (no helmet)
rElec  .         Spirit   .     (no cloak)
SustAb .         Warding  .     (no gloves)
rMut   .         Stasis   .     (no boots)
Gourm  .                        (no amulet)
MR     .....                    (no ring)
                                (no ring)

@: not resistant to hostile enchantments, unstealthy
A: no striking features
a: Renounce Religion


You were on level 3 of the Dungeon.
You worshipped Ashenzari.
Ashenzari was noncommittal.
You were not hungry.

You visited 1 branch of the dungeon, and saw 3 of its levels.

You collected 128 gold pieces.

Inventory:

Hand weapons
 l - a +0,+0 dagger
Missiles
 g - 5 stones (quivered)
Armour
 a - a +0 robe (worn)
 t - a +0 buckler (worn)
Magical devices
 m - a wand of confusion (14)
Comestibles
 c - a bread ration
 d - 4 meat rations
 j - a beef jerky
Scrolls
 e - 2 scrolls of enchant weapon I {unknown}
 f - 4 scrolls of identify {unknown}
 i - a scroll of enchant armour {unknown}
 k - a scroll of random uselessness {unknown}
 o - a scroll of enchant weapon II {unknown}
 s - a scroll of remove curse
 u - a scroll of amnesia {unknown}
Jewellery
 p - an uncursed ring of protection from cold
Potions
 h - a potion of curing {unknown}
 n - a potion of restore abilities {unknown}
 q - a potion of brilliance {unknown}
 r - a potion of lignification {unknown}
Books
 b - a book of Flames

   Spells                             Type                      Level
   *Flame Tongue                      Conjuration/Fire             1
   Throw Flame                        Conjuration/Fire             2
   Conjure Flame                      Conjuration/Fire             3
   Inner Flame                        Hexes/Fire                   3
   Sticky Flame                       Conjuration/Fire             4
   Fireball                           Conjuration/Fire             5


   Skills:
 - Level 2.4 Dodging
 - Level 2.4 Stealth
 + Level 4.1 Spellcasting
 + Level 3.3 Conjurations
 + Level 4.4 Fire Magic


You had 10 spell levels left.
You knew the following spells:

 Your Spells              Type           Power        Failure   Level  Hunger
a - Flame Tongue          Conj/Fire      ###..        3%          1    None


Dungeon Overview and Level Annotations

Branches:
Dungeon (3/15)

Altars:
Ashenzari
Cheibriados
Dithmenos
Elyvilon
Qazlal
Trog
The Shining One


Message History

The orc wizard gestures at you while chanting.
The magic dart hits you!
* * * LOW HITPOINT WARNING * * *
Casting: Flame Tongue
Confirm with . or Enter, or press ? or * to list all spells.
Aiming: Flame Tongue
Press: ? - help, Shift-Dir - straight line, f/p - orc wizard
Aim: an orc wizard, wielding a dagger and wearing a robe (moderately wounded, fast)
The flame tongue hits the orc wizard.
The orc wizard is severely wounded.
The orc wizard barely misses you.
Casting: Flame Tongue
Confirm with . or Enter, or press ? or * to list all spells.
Aiming: Flame Tongue
Press: ? - help, Shift-Dir - straight line, f/p - orc wizard
Aim: an orc wizard, wielding a dagger and wearing a robe (severely wounded, fast)
The flame tongue hits the orc wizard.
The orc wizard is almost dead.
The orc wizard closely misses you. The orc wizard hits you with a dagger.
You die...

. ............## #.$
..............# .(.
###.#......## . ##.o
#...###### #. .(.
###....## #.#. %(
####..# .⌠.#. ##.#
#.[##############.#
#.oo@.............#
#...################
#(### .. .


You could see an orc wizard and an orc.

Vanquished Creatures
  An orc wizard (D:3)
  Ijyb (D:2)
  2 adders
  2 worms
  3 giant geckos
  An ooze (D:1)
  An orc (D:3)
  6 giant cockroaches
  2 goblins
  6 hobgoblins
  8 kobolds
  A ball python (D:1)
  6 bats
  A giant newt (D:1)
  A quokka (D:3)
  3 rats (D:1)
45 creatures vanquished.

Notes
Turn   | Place    | Note
--------------------------------------------------------------
     0 | D:1      | AvylaaBelgium, the Deep Elf Fire Elementalist, began the quest for the Orb.
     0 | D:1      | Reached XP level 1. HP: 10/10 MP: 5/5
   145 | D:1      | Reached XP level 2. HP: 10/15 MP: 3/8
   206 | D:1      | Found a shattered altar of Ashenzari.
   247 | D:1      | Became a worshipper of Ashenzari the Shackled
   667 | D:2      | Found a shadowy altar of Dithmenos.
   667 | D:2      | Noticed Ijyb
   678 | D:2      | Killed Ijyb
   678 | D:2      | Reached XP level 3. HP: 16/19 MP: 2/11
   761 | D:2      | Reached skill level 4 in Fire Magic
  1170 | D:2      | Reached XP level 4. HP: 24/24 MP: 11/14
  1191 | D:2      | Found a bloodstained altar of Trog.
  1192 | D:2      | Found a glowing golden altar of the Shining One.
  1193 | D:2      | Found a white marble altar of Elyvilon.
  1336 | D:2      | Found a snail-covered altar of Cheibriados.
  1336 | D:2      | Found a stormy altar of Qazlal.
  1564 | D:3      | Slain by an orc wizard

Action                   |  1- 3 |  4- 6 || total
-------------------------+-------+-------++-------
Melee: Unarmed           |     1 |       ||     1
Throw: Stone             |    44 |    13 ||    57
 Cast: Flame Tongue      |    55 |    26 ||    81
Evoke: Wand              |     1 |       ||     1
